 Dungeon Crawl Stone Soup version 0.32-a0-599-gba8f9cf90e (webtiles) character file.

Game seed: 7924048291532764674

1506402 mdonais the Invulnerable (level 26, 260/260 HPs)
             Began as a Mountain Dwarf Wanderer on Feb 29, 2024.
             Was an Initiate of Gozag.
             Escaped with the Orb
             ... and 3 runes on Mar 3, 2024!
             The game lasted 05:10:40 (87439 turns).

mdonais the Invulnerable (Mountain Dwarf Wanderer) Turns: 87439, Time: 05:10:40

Health: 260/260    AC: 55    Str: 33    XL:     26   Next: 54%
Magic:  29/29      EV: 13    Int: 15    God:    Gozag
Gold:   378        SH:  0    Dex: 17    Spells: 24/45 levels left

rFire   + + .        a - +9 bardiche (freeze)
rCold   + . .        (shield currently unavailable)
rNeg    + + +        k - +12 crystal plate armour
rPois   +            K - +2 helmet {Int+3}
rElec   +            n - scarf {rC+ rF+}
rCorr   .            i - +2 pair of gloves {Dex+3}
SInv    .            I - +2 pair of boots of Xuzipp {Dex+4}
Will    +++..        R - amulet "Ihusadoh" {Spirit rElec rN+++ Regen+ Str-3} Stlth
                     c - ring "Kosieq" {rN+ Will+ Str+3 Slay+4}
HPRegen 1.43/turn    x - ring "Qehuef" {rPois rF+ Str+4 Dex+2}
MPRegen 0.21/turn

%: guardian spirit
@: studying 3 skills, bribing [the Dungeon, the Realm of Zot]
A: runic magic, artefact enchanting, deterioration 1, low MP 2, poison
resistance, evolution 1
0: Orb of Zot
}: 3/15 runes: barnacled, silver, gossamer
a: Renounce Religion, Potion Petition, Call Merchant, Bribe Branch


You escaped.
You worshipped Gozag.
Gozag was aware of your devotion.
You visited 12 branches of the dungeon, and saw 52 of its levels.
You visited 1 bazaar.
You also visited: Ossuary and Desolation.

You collected 31582 gold pieces.
You spent 7621 gold pieces at shops.
You paid 23583 gold pieces to Gozag.

Inventory:

Hand Weapons
 a - a +9 bardiche of freezing (weapon)
   (You bought it in a shop on level 1 of the Pits of Slime)
Missiles
 F - 3 curare-tipped darts
 G - 2 datura-tipped darts (quivered)
 Z - 4 throwing nets {=!f}
Armour
 i - a +2 pair of gloves of dexterity (worn)
   (You found it on level 2 of the Elven Halls)
 k - a +12 crystal plate armour (worn)
   (You bought it in a shop on level 5 of the Dungeon)
 n - a scarf of resistance (worn)
   (You bought it in a shop on level 2 of the Orcish Mines)
 r - a +1 helmet of intelligence
   (You found it on level 1 of the Realm of Zot)
 v - a +2 cloak of stealth
   (You found it on level 5 of the Realm of Zot)
 I - the +2 pair of boots of Xuzipp (worn) {Dex+4}
   (You found it on level 5 of the Vaults)

   Dex+4:     It affects your dexterity (+4).
 K - a +2 helmet of intelligence (worn)
   (You found it on level 1 of the Vaults)
 S - the +1 pair of gloves "Lioh Sec" {+Inv rElec Int+5}
   (You found it on level 4 of the Vaults)

   Int+5:     It affects your intelligence (+5).
   rElec:     It insulates you from electricity.
   +Inv:      It lets you turn invisible.
 V - the +1 pair of gloves of Understanding {rElec rPois MP-9 Dex+4}
   (You found it on level 1 of the Crypt)

   Dex+4:     It affects your dexterity (+4).
   rElec:     It insulates you from electricity.
   rPois:     It protects you from poison.
   MP-9:      It affects your magic capacity (-9).
Jewellery
 c - the ring "Kosieq" (left hand) {rN+ Will+ Str+3 Slay+4}
   (You found it on level 3 of the Shoals)

   [ring of slaying]

   Str+3:     It affects your strength (+3).
   Slay+4:    It affects your accuracy & damage with ranged weapons and melee
   (+4).
   rN+:       It protects you from negative energy.
   Will+:     It increases your willpower.
 g - the ring of Ciomm {Fly Str+6 Int+6 Dex+2 Slay-5}
   (You found it on level 5 of the Vaults)

   [ring of strength]

   Str+6:     It affects your strength (+6).
   Int+6:     It affects your intelligence (+6).
   Dex+2:     It affects your dexterity (+2).
   Slay-5:    It affects your accuracy & damage with ranged weapons and melee
   (-5).
   Fly:       It grants you flight.
 s - a ring of see invisible
   (You found it on level 3 of the Crypt)
 x - the ring "Qehuef" (right hand) {rPois rF+ Str+4 Dex+2}
   (You found it on level 3 of the Dungeon)

   [ring of protection from fire]

   Str+4:     It affects your strength (+4).
   Dex+2:     It affects your dexterity (+2).
   rF+:       It protects you from fire.
   rPois:     It protects you from poison.
 J - the ring "Poduin" {rF+ rCorr Str+6 Int+3 Dex+3}
   (You bought it in a shop on level 10 of the Dungeon)

   [ring of strength]

   Str+6:     It affects your strength (+6).
   Int+3:     It affects your intelligence (+3).
   Dex+3:     It affects your dexterity (+3).
   rF+:       It protects you from fire.
   rCorr:     It protects you from acid and corrosion.
 R - the amulet "Ihusadoh" (around neck) {Spirit rElec rN+++ Regen+ Str-3}
   (You took it off a deep elf death mage on level 3 of the Elven Halls)

   [amulet of guardian spirit]

   Spirit:    It causes incoming damage to be divided between your reserves of
   health and magic.
   Str-3:     It affects your strength (-3).
   rElec:     It insulates you from electricity.
   rN+++:     It renders you almost immune to negative energy.
   Regen+:    It increases your rate of health regeneration.
 W - the amulet of Teotopn {Spirit rElec Regen+}
   (You found it in the Desolation of Salt)

   [amulet of guardian spirit]

   Spirit:    It causes incoming damage to be divided between your reserves of
   health and magic.
   rElec:     It insulates you from electricity.
   Regen+:    It increases your rate of health regeneration.
Wands
 m - a wand of charming (67)
   (You took it off Ijyb on level 4 of the Dungeon)
 q - a wand of light (34)
   (You found it on level 1 of the Lair of Beasts)
 D - a wand of digging (3)
   (You found it on level 2 of the Lair of Beasts)
Scrolls
 d - 7 scrolls of fog
 h - 3 scrolls of immolation
 o - 3 scrolls of silence
 p - 3 scrolls of fear
 u - a scroll of enchant armour
 A - 6 scrolls of revelation
 B - 10 scrolls of blinking
 C - 7 scrolls of poison
 L - 4 scrolls of summoning
 T - 9 scrolls of teleportation
Potions
 b - 5 potions of cancellation
 e - 3 potions of magic
 j - 13 potions of ambrosia
 l - 9 potions of mutation
 t - a potion of invisibility
 y - 6 potions of attraction
 z - 8 potions of enlightenment
 E - 8 potions of might
 H - 6 potions of haste
 M - 11 potions of brilliance
 N - 18 potions of heal wounds
 O - 2 potions of berserk rage
 Q - 19 potions of curing
 Y - 13 potions of resistance
Miscellaneous
 f - a lightning rod (4/4)
   (You found it on level 4 of the Shoals)
 w - a phantom mirror
   (You found it on level 4 of the Shoals)
 P - a condenser vane
   (You found it on level 10 of the Dungeon)
 U - a phial of floods
   (You found it on level 4 of the Vaults)
 X - a box of beasts
   (You found it on level 3 of the Spider Nest)


   Skills:
 + Level 25.7 Fighting
 - Level 2.4(18.3) Axes
 - Level 23.4(24.0) Polearms
 - Level 10.0(19.1) Staves
 O Level 27 Armour
 + Level 9.7 Dodging
 - Level 10.0 Spellcasting
 + Level 16.3 Summonings
 - Level 5.0 Fire Magic
 - Level 3.0 Air Magic
 - Level 9.0 Earth Magic
 - Level 9.2 Evocations


You had 24 spell levels left.
You knew the following spells:

 Your Spells              Type           Power      Damage    Failure   Level
a - Scorch                Fire           44%        2d6       2%          2
b - Summon Lightning Spi  Summ/Air       36%        N/A       2%          4
c - Animate Armour        Summ/Erth      90%        N/A       1%          4
d - Summon Cactus Giant   Summ           27%        N/A       2%          6
e - Passwall              Erth           34%        N/A       1%          3
f - Blink                 Tloc           14%        N/A       22%         2

Your spell library contained the following spells:

 Spells                   Type           Power      Damage    Failure   Level
 Sandblast                Erth           68%        2d15      1%          1
 Call Imp                 Summ           100%       N/A       1%          2
 Call Canine Familiar     Summ           54%        N/A       1%          3
 Summon Ice Beast         Ice/Summ       32%        N/A       1%          3
 Summon Blazeheart Golem  Fire/Summ      39%        N/A       1%          4
 Martyr's Knell           Necr/Summ      32%        N/A       4%          4
 Stone Arrow              Conj/Erth      42%        3d9       7%          3
 Lee's Rapid Deconstruct  Erth           17%        3d10*     10%         5
 Apportation              Tloc           14%        N/A       14%         1
 Freeze                   Ice            28%        1d5       14%         1
 Magic Dart               Conj           28%        1d4       14%         1
 Necrotise                Necr           28%        1d5       14%         1
 Slow                     Hex            28%        N/A       14%         1
 Cigotuvi's Dreadful Rot  Necr/Alch/Air  20%        N/A       14%         2
 Summon Mana Viper        Hex/Summ       32%        N/A       14%         5
 Monstrous Menagerie      Summ           27%        N/A       14%         7
 Summon Hydra             Summ           27%        N/A       14%         7
 Inner Flame              Hex/Fire       15%        N/A       16%         3
 Ensorcelled Hibernation  Hex/Ice        14%        N/A       22%         2
 Lesser Beckoning         Tloc           14%        N/A       22%         2
 Searing Ray              Conj           14%        2d5       22%         2
 Sublimation of Blood     Necr           7%         N/A       22%         2
 Brom's Barrelling Bould  Conj/Erth      21%        2d4       22%         4
 Leda's Liquefaction      Alch/Erth      10%        N/A       22%         4
 Mephitic Cloud           Conj/Alch/Air  10%        N/A       28%         3
 Confusing Touch          Hex            7%         N/A       38%         3
 Dazzling Flash           Conj/Hex       14%        N/A       38%         3
 Frozen Ramparts          Ice            14%        1d3       38%         3
 Fugue of the Fallen      Necr           7%         N/A       38%         3
 Gell's Gravitas          Tloc           7%         N/A       38%         3
 Hailstorm                Conj/Ice       7%         3d5       38%         3
 Ozocubu's Armour         Ice            7%         N/A       38%         3
 Sigil of Binding         Hex            7%         N/A       38%         3
 Teleport Other           Tloc           7%         N/A       38%         3
 Tukima's Dance           Hex            7%         N/A       38%         3
 Vampiric Draining        Necr           7%         2d6       38%         3
 Flame Wave               Conj/Fire      15%        2d7       45%         4
 Ignite Poison            Fire/Alch      15%        N/A       45%         4
 Sticky Flame             Fire/Alch      15%        2d5       45%         4
 Vhi's Electric Charge    Tloc/Air       24%        N/A       58%         4
 Anguish                  Hex/Necr       3%         N/A       80%         4
 Cause Fear               Hex            3%         N/A       80%         4
 Dimensional Bullseye     Hex/Tloc       3%         N/A       80%         4
 Dispel Undead            Necr           7%         3d8       80%         4
 Fulminant Prism          Conj/Alch      3%         3d5       80%         4
 Iskenderun's Mystic Bla  Conj/Tloc      7%         2d4       80%         4
 Manifold Assault         Tloc           7%         N/A       80%         4
 Passage of Golubria      Tloc           7%         N/A       80%         4
 Fireball                 Conj/Fire      7%         3d5       80%         5
 Arcjolt                  Conj/Air       6%         1d16      91%         5
 Silence                  Hex/Air        6%         N/A       91%         5
 Freezing Cloud           Conj/Ice/Air   5%         6-21      95%         5
 Curse of Agony           Necr           7%         N/A       98%         5
 Iskenderun's Battlesphe  Conj           7%         2d6       98%         5
 Metabolic Englaciation   Hex/Ice        3%         N/A       98%         5
 Yara's Violent Unravell  Hex/Alch       3%         3d4       98%         5
 Bombard                  Conj/Erth      10%        9d3       98%         6
 Haunt                    Necr/Summ      16%        N/A       99%         7
 Spellforged Servitor     Conj/Summ      16%        N/A       99%         7
 Death Channel            Necr           3%         N/A       100%        6
 Dispersal                Tloc           3%         N/A       100%        6
 Sculpt Simulacrum        Ice/Alch       3%         N/A       100%        6
 Orb of Destruction       Conj           3%         9d5       100%        7
 Borgnjor's Revivificati  Necr           3%         N/A       100%        8
 Disjunction              Tloc           3%         N/A       100%        8
 Infestation              Necr           3%         N/A       100%        8
 Maxwell's Capacitive Co  Air            8%         ∞         100%        8
 Chain Lightning          Conj/Air       6%         3d8       100%        9
 Dragon's Call            Summ           27%        N/A       100%        9
 Fire Storm               Conj/Fire      7%         8d2       100%        9
 Shatter                  Erth           17%        3d16*     100%        9
 Animate Dead             Necr           Unusable   N/A       N/A         4

Dungeon Overview and Level Annotations

Branches:
Dungeon (15/15)            Temple (1/1) D:5            Lair (5/5) D:8
 Shoals (4/4) Lair:2       Spider (4/4) Lair:2        Slime (1/5) Lair:4
    Orc (2/2) D:11            Elf (3/3) Orc:2        Vaults (5/5) D:14
  Crypt (3/3) Vaults:3       Tomb (0/3) Crypt:3      Depths (4/4) D:15
    Zot (5/5) Depths:4    Ossuary (visited)         Desolation (visited)

Altars:
Ashenzari
Cheibriados
Dithmenos
Elyvilon
Fedhas
Gozag
Hepliaklqana
Kikubaaqudgha
Makhleb
Nemelex Xobeh
Okawaru
Qazlal
Ru
Sif Muna
Trog
Uskayaw
Vehumet
Wu Jian
Xom
Yredelemnul
Zin
The Shining One
Beogh
Jiyva
Lugonu

Shops:
D:2 *   D:5 [   D:10 =   D:12 *   Orc:1 ?*   Orc:2 *=[:*![   Elf:1 (   Elf:2 ?
Shoals:2 =   Shoals:4 !   Slime:1 [*(   Vaults:1 [   Depths:1 *

Portals:
Hell: Depths:1 Depths:2 Depths:4
Abyss: D:6 Depths:1 Depths:2 Depths:3 Depths:4
Pandemonium: Depths:2
Ziggurat: Depths:4

Annotations:
Crypt:1 2 transporters
Zot:5 1 exclusion


Innate Abilities, Weirdness & Mutations

Your spellcasting is much less encumbered by armour.
You can use scrolls of enchantment on lesser artefacts.
Your body sometimes deteriorates upon taking damage.
Your magical capacity is very low. (-20% MP)
Your system is resistant to poisons. (rPois)
You have hidden genetic potential.


Message History

You regained 2 hp, and now have 237/260 hp.
You slash the hellephant! You freeze the hellephant!
The hellephant is almost dead.
You carve the hellephant like a ham!!!! You freeze the hellephant.
You kill the hellephant!
You regained 2 hp, and now have 243/260 hp.
There is a stone staircase leading up here.
You swap places.
You regained 2 hp, and now have 246/260 hp.
You regained 2 hp, and now have 249/260 hp.
Your animated crystal plate armour disappears in a puff of smoke!
You now have 370 gold pieces (gained 16).
You regained 3 hp, and now have 253/260 hp.
A sun demon comes into view.
Your sun demon grins greedily, jangling a coin purse.
You regained 2 hp, and now have 256/260 hp.
You regained 2 hp, and now have 259/260 hp.
Health restored: 260
There is a stone staircase leading up here.
You climb upwards.
Your summoned ally is left behind.
There is a stone staircase leading down, spattered with blood here.
There is a stone staircase leading up, spattered with blood here.
You climb upwards.
There is a stone staircase leading down, spattered with blood here.
The sun demon stares, then turns away, jangling a coin purse.
A sun demon comes into view.
You regained 4 mp, and now have 32/33 mp.
MP restored: 33
Things that are here:
a +0 robe; a ring of positive energy; a staff of conjuration
There is a stone staircase leading up here.
You climb upwards.
There is a stone staircase leading down here.
Your shadow demon grins greedily, jangling a coin purse.
A shadow demon comes into view.
Your shadow demon moves out of view.
Casting: Summon Cactus Giant (mildly dangerous; 2% risk of failure)
Confirm with . or Enter, or press ? or * to list all spells.
You now have 29/33 mp.
Casting: Animate Armour (mildly dangerous; 1% risk of failure)
Confirm with . or Enter, or press ? or * to list all spells.
You now have 23/33 mp.
There is an open door here.
A hellion comes into view.
You regained 4 mp, and now have 29/33 mp.
There is a stone staircase leading up here.
You climb upwards.
Your summoned ally is left behind.
There is a stone staircase leading down here.
Things that are here:
a +0 ring mail; a +0 flail Magic restored.
There is a stone staircase leading up here.
MP restored: 33 You climb upwards.
There is a stone staircase leading down here.
What level of the Dungeon? (default 8, ? - help)
You see here a +0 club.
There is a stone staircase leading up here.
You climb upwards.
There is a stone staircase leading down here.
The Executioner stares, then turns away, jangling a coin purse.
An Executioner comes into view.
There is a stone staircase leading up here.
Okay, then.
You climb upwards.
A cherub comes into view.
It is wielding a +3 falchion of flaming.
There is a stone staircase leading down here.
Unknown command.
Casting: Summon Cactus Giant (mildly dangerous; 2% risk of failure)
Confirm with . or Enter, or press ? or * to list all spells.
You now have 29/33 mp.
Casting: Animate Armour (mildly dangerous; 1% risk of failure)
Confirm with . or Enter, or press ? or * to list all spells.
You now have 23/33 mp.
The cherub unwields a +3 falchion of flaming.
It stops flaming.
The cherub wields a +0 shortbow.
The cherub shoots an arrow.
The arrow hits you but does no damage.
Your cactus giant closely misses the cherub.
You could not reach far enough!
The cherub shoots an arrow.
The arrow hits your cactus giant!
You could not reach far enough!
The cherub shoots an arrow.
The arrow barely misses your cactus giant.
The arrow hits you but does no damage.
You could not reach far enough!
You reach to attack!
You barely miss the cherub.
The cherub shoots an arrow.
The arrow hits your cactus giant!!
You could not reach far enough!
Your cactus giant misses the cherub.
The cherub unwields a +0 shortbow.
The cherub wields a +3 falchion of flaming.
It bursts into flame!
The cherub is struck by your cactus giant's spines.
The cherub hits your cactus giant with a +3 falchion of flaming!
The cherub burns your cactus giant. The cherub headbutts your cactus giant!
You could not reach far enough!
You reach to attack!
You hit the cherub. You freeze the cherub.
The cherub is moderately wounded.
The cherub unwields a +3 falchion of flaming.
It stops flaming.
The cherub wields a +0 shortbow.
The cherub shoots an arrow.
The arrow hits your cactus giant!
You reach to attack!
You miss the cherub.
The cherub is moderately wounded.
The cherub shoots an arrow.
The arrow hits your cactus giant!
You reach to attack!
You slice the cherub like a ripe choko!!!!
You freeze the cherub!!
You kill the cherub!
No target in view!
No target in view!
Unknown command.
Unknown command.
You swap places.
You now have 378 gold pieces (gained 8).
Things that are here:
a +0 shortbow; a +3 falchion of flaming; a +0 robe You see here a +0 hand axe.
Your animated crystal plate armour disappears in a puff of smoke!
There is a strange disturbance nearby!
You regained 3 mp, and now have 29/33 mp.
Your cactus giant disappears in a puff of smoke!
There is a stone staircase leading up here.
You climb upwards.
There is a stone staircase leading down here.
Magic restored.
There is a stone staircase leading up, spattered with blood here.
MP restored: 33 You climb upwards.
There is a stone staircase leading down, spattered with blood here.
Things that are here:
a +0 leather armour; a +0 falchion; the human skeleton of Eustachio
There is a stone staircase leading up here.
You climb upwards.
There is a stone staircase leading down here.
You feel yourself speed up.
There is a stone staircase leading up, spattered with blood here.
You climb upwards.
There is a stone staircase leading down here.
There is a shaft here.
Your extra speed is starting to run out.
There is an open door here.
You feel yourself slow down.
A neqoxec comes into view.
The neqoxec gestures at you.
Strange energies course through your body.
You feel yourself wasting away. The neqoxec gestures at you.
Strange energies course through your body.
You feel less energetic.
You now have 29/29 mp.
There is a staircase leading out of the dungeon here.
You have escaped!

..## ####..#..########.#######.#
..# #...................# #.# ..#
#..###############..# #.# ..#
##'##.............##'## #.#
..####.....3....⌠..........####.#
..##...⌠.................⌠...##..
.##........⌠.........⌠........###
##.....................(.......#
#...⌠.........9@..........⌠...#
#............................(#
##........⌠.........⌠........##
##...⌠.................⌠...##
###..........⌠..........###
#####.............#####
###############


You could see a toenail golem and a neqoxec.

Vanquished Creatures
  2 dread liches
  An orb of fire (Zot:3)
  Frederick (Depths:4)
  An ancient lich (Vaults:5)
  Sojobo (Vaults:3)
  A Killer Klown (Zot:3)
  Boris (Vaults:1)
  2 curse toes (Zot:1)
  7 golden dragons
  Nikola (Spider:1)
  A profane servitor (Crypt:3)
  the Enchantress (D:15)
  A bone dragon (Depths:3)
  7 electric golems
  Rupert (Orc:2)
  2 doom hounds
  13 tentacled monstrosities
  2 Ice Fiends
  A hellephant (D:12)
  Mlioglotl (Spider:4)
  A lich (D:15)
  Grunn (Depths:4)
  3 Orb Guardians (Zot:5)
  A deep elf blademaster (Elf:2)
  3 titans
  3 deep elf master archers
  6 quicksilver dragons
  2 ancient champions (Crypt:3)
  A kraken (Shoals:3)
  An acid blob (Elf:2)
  8 sphinxes
  6 death cobs
  Agnes (Spider:4)
  6 shadow dragons
  Donald (Orc:1)
  Kirke (D:12)
  Roxanne (Shoals:2)
  A revenant (Crypt:3)
  7 storm dragons
  5 tengu reavers
  2 draconian monks
  A rockslime (Elf:2)
  8 deep elf sorcerers
  Aizul (Shoals:1)
  A draconian shifter (Zot:1)
  7 fire giants
  3 draconian knights
  3 protean progenitors (Zot:1)
  5 emperor scorpions
  18 vault wardens
  A juggernaut zombie (Depths:1)
  10 frost giants
  3 imperial myrmidons (Desolation)
  8 ghost moths
  Louise (Spider:4)
  3 iron dragons
  5 deep elf elementalists
  4 curse skulls
  3 spectral caustic shrikes (Depths:1)
  A caustic shrike zombie (Crypt:2)
  4 draconian scorchers
  2 orc warlords
  17 ironbound preservers
  2 ghouls
  2 draconian stormcallers
  6 spriggan defenders
  An angel (Vaults:4)
  6 draconian annihilators
  7 very ugly things
  2 reapers
  A formless jellyfish (Vaults:3)
  A broodmother (Spider:2)
  5 ironbound thunderhulks
  9 stone giants
  The ghost of Ycup the Severer, a journeyman MiBe of Trog (Shoals:3)
  5 vampire knights
  Nessos (Orc:2)
  7 yellow draconians
  2 deep elf demonologists
  A putrid mouth (Depths:3)
  11 deep elf death magi
  14 red draconians
  7 spark wasps
  8 green draconians
  Azrael (D:13)
  15 deep elf annihilators
  A halazid warlock (Desolation)
  7 white draconians
  6 black draconians
  7 dire elephants
  6 war gargoyles
  2 blizzard demons
  A green death (Depths:2)
  10 purple draconians
  3 eidola
  2 crystal guardians (Desolation)
  3 merfolk javelineers
  2 ragged hierophants (Desolation)
  17 jiangshi
  Josephine (D:10)
  11 ettins
  11 fire dragons
  3 merfolk impalers
  10 deep elf high priests
  14 yaktaur captains
  5 entropy weavers
  4 great orbs of eyes
  3 servants of whispers (Desolation)
  31 vault guards
  4 ice dragons
  6 catoblepae
  2 ghost crabs (Crypt:2)
  5 rakshasas
  Erolcha (D:9)
  5 hydras
  8 peacekeepers
  2 radroaches
  3 spriggan air magi
  2 alligator snapping turtles
  8 boulder beetles
  An alligator (Lair:3)
  An anaconda (shapeshifter) (Vaults:4)
  13 centaur warriors
  A spriggan skeleton (Crypt:1)
  3 jorogumos (Spider:3)
  A merfolk aquamancer (Shoals:4)
  3 two-headed ogres
  3 merfolk avatars
  18 death yaks
  9 tengu warriors
  4 death knights
  2 deep troll shamans
  15 ironbound frosthearts
  3 ogre magi
  4 satyrs (Shoals:4)
  11 deep troll earth magi
  19 dancing weapons
  6 demonic crawlers
  A titan zombie (Depths:1)
  6 vampire magi
  5 occultists
  3 spriggan berserkers
  An orc high priest (Elf:1)
  A shock serpent (Depths:3)
  16 deep elf knights
  A hell knight (Crypt:3)
  3 naga sharpshooters (Depths:3)
  A cherub (D:5)
  2 shadow wraiths (Crypt:3)
  A skyshark (Shoals:3)
  A skyshark (shapeshifter) (Vaults:5)
  8 iron trolls
  9 sea snakes
  A salamander mystic (Depths:3)
  4 pharaoh ants
  A sixfirhy (Depths:2)
  A large abomination (Crypt:3)
  2 shadow demons (Depths:3)
  4 flayed ghosts
  30 skeletal warriors
  42 deep trolls
  6 elf simulacra (Elf:1)
  3 spriggan druids (Depths:2)
  A death drake (shapeshifter) (Vaults:5)
  A shock serpent (shapeshifter) (Vaults:5)
  8 orb spiders
  8 deep elf archers
  A storm dragon skeleton (Crypt:2)
  A sun moth (Spider:3)
  2 bog bodies (Crypt:3)
  18 phantasmal warriors
  A bunyip skeleton (Crypt:1)
  3 glowing orange brains
  2 lindwurms (Vaults:1)
  An eye of devastation (shapeshifter) (Vaults:5)
  An anaconda skeleton (Crypt:2)
  15 deep elf zephyrmancers
  6 arcanists
  7 steelbarb worms
  23 ironbound convokers
  A wolf spider (shapeshifter) (Vaults:5)
  17 harpies
  9 necromancers
  37 deep elf pyromancers
  An alligator zombie (Crypt:1)
  3 salamanders (Depths:3)
  12 orc knights
  27 wolf spiders
  3 orc sorcerers
  4 oklob plants
  3 shining eyes (Zot:1)
  16 fauns
  34 ugly things
  6 cyclopes
  34 moths of wrath
  19 manticores
  Maurice (D:11)
  7 merfolk sirens
  A frost giant skeleton (Crypt:2)
  6 elephants (Lair:3)
  A human skeleton (Vaults:4)
  3 water nymphs
  8 black mambas
  The ghost of jboons the Chopper, a novice MiRe of Yredelemnul (D:6)
  2 smoke demons (Depths:3)
  18 cane toads
  19 meliai
  19 vault sentinels
  4 kobold blastminers (Orc:2)
  A guardian serpent (Desolation)
  11 torpor snails
  3 dire elephant zombies (Crypt:1)
  2 unseen horrors
  3 gargoyles
  A green draconian zombie (Crypt:1)
  A black draconian zombie (Crypt:2)
  A purple draconian zombie (Crypt:2)
  An efreet (D:14)
  An eye of devastation (Elf:2)
  22 yaktaurs
  A yaktaur zombie (Vaults:4)
  3 rime drakes
  A black draconian skeleton (Crypt:2)
  A bunyip simulacrum (Crypt:1)
  A tormentor (Depths:4)
  13 komodo dragons
  A grey draconian skeleton (Crypt:1)
  4 freezing wraiths
  A harpy zombie (Crypt:2)
  2 queen bees (shapeshifter)
  5 tengu conjurers
  4 trolls
  A wandering mushroom (Lair:4)
  2 polar bears
  17 merfolk
  A minotaur skeleton (Crypt:1)
  5 wind drakes
  A queen bee (Depths:3)
  A tarantella (shapeshifter) (Elf:1)
  3 nameless horrors
  26 hornets
  A tyrant leech (Zot:1)
  17 tarantellas
  7 snapping turtles
  A frost giant simulacrum (Vaults:4)
  2 glass eyes
  13 dream sheep
  40 saltlings (Desolation)
  23 blink frogs
  19 culicivoras
  A jumping spider (shapeshifter) (D:10)
  2 air elementals (Elf:2)
  14 jumping spiders
  5 water elementals
  15 spriggans
  A culicivora (shapeshifter) (Elf:2)
  30 slime creatures
  6 shadows
  A vampire (D:11)
  6 wyverns
  119 yaks
  A naga simulacrum (Crypt:3)
  15 wraiths
  5 hogs (D:12)
  Eustachio (D:3)
  4 fire elementals
  56 redbacks
  6 basilisks
  3 steam dragons
  A human (Lair:4)
  4 wargs
  20 vampire mosquitoes
  Menkaure (D:5)
  Edmund (D:3)
  A glowing shapeshifter zombie (Depths:1)
  2 acid dragons
  18 water moccasins
  Duvessa (D:4)
  A hell hound (D:13)
  An ice beast (D:7)
  A naga skeleton (Crypt:1)
  2 sky beasts
  A black bear (Lair:1)
  40 orc warriors
  25 laughing skulls
  A boggart (shapeshifter) (D:15)
  A hog zombie (Crypt:1)
  15 wolves
  13 centaurs
  7 ogres
  A weeping skull (Elf:1)
  3 kobold brigands
  2 elf zombies (Ossuary)
  12 bullfrogs
  An elf skeleton (Crypt:1)
  A gnoll sergeant (D:11)
  A two-headed ogre simulacrum (Crypt:1)
  2 earth elementals
  6 small abominations
  A komodo dragon skeleton (Crypt:2)
  4 scorpions
  A cyclops skeleton (Crypt:2)
  3 burial acolytes (Crypt:3)
  5 wights (D:9)
  3 killer bees (D:7)
  6 electric eels
  A vampire bat (D:5)
  2 jellies
  A hound (D:6)
  A bombardier beetle (D:8)
  4 centaur zombies
  2 human zombies (Ossuary)
  10 orc priests
  A scrub nettle (Lair:5)
  Terence (D:2)
  Ijyb (D:4)
  3 iguanas
  26 orc wizards
  2 sleepcaps (D:5)
  A scorpion zombie (D:5)
  11 hound zombies
  A hound skeleton (D:5)
  2 mummies (Ossuary)
  Robin (D:2)
  4 gnolls (D:11)
  6 adders
  4 shadow imps
  2 white imps
  2 ufetubi (D:6)
  4 adder zombies
  6 ribbon worms
  2 dart slugs
  79 orcs
  7 ball pythons
  3 bats
  3 bat skeletons (D:5)
  2 bat zombies (D:5)
  3 endoplasms
  3 giant cockroaches
  9 hobgoblins
  3 jackals (D:1)
  4 quokkas
  A ball python zombie (Crypt:2)
  3 frilled lizards
  3 gnoll zombies (Ossuary)
  10 goblins
  5 jackal zombies (Ossuary)
  14 kobolds
  6 kobold zombies (Ossuary)
  An orc skeleton (Crypt:1)
  4 orc zombies (Ossuary)
  A quokka zombie (Crypt:1)
  7 rats
  6 tentacles (Shoals:3)
2266 creatures vanquished.

Vanquished Creatures (collateral kills)
  Xtahua (Crypt:2)
  A Killer Klown (Zot:3)
  Vv (Depths:4)
  A bone dragon (Crypt:3)
  2 golden dragons
  Norris (Vaults:4)
  An electric golem (Zot:5)
  Arachne (Spider:2)
  5 tentacled monstrosities
  2 liches
  2 storm dragons
  4 death cobs
  An ancient champion (Crypt:3)
  A tengu reaver (Vaults:5)
  The ghost of AutarchDCSS the Warrior, an adept DrBr of Wu Jian (Elf:2)
  A shadow dragon (Zot:5)
  A revenant (Crypt:2)
  3 draconian monks
  A deep elf sorcerer (Vaults:5)
  An imperial myrmidon (Desolation)
  A draconian stormcaller (Zot:1)
  A ghost moth (Zot:5)
  4 very ugly things
  A cacodemon (Zot:5)
  A draconian annihilator (Zot:3)
  3 spriggan defenders (D:15)
  3 vampire knights
  4 ironbound preservers
  A black draconian (Zot:4)
  2 green draconians
  4 deep elf death magi
  2 white draconians
  A war gargoyle (Vaults:4)
  6 purple draconians
  7 red draconians
  3 yellow draconians
  A spark wasp (Depths:1)
  The ghost of Malificent the Arsonist, a journeyman DrFE of Elyvilon (Lair:2)
  7 jiangshi
  A ragged hierophant (Desolation)
  An ice dragon (Depths:4)
  A peacekeeper (Desolation)
  2 vault guards (Vaults:5)
  A spriggan air mage (Depths:2)
  2 deep troll shamans
  A dancing weapon (Lair:2)
  3 deep troll earth magi
  A spriggan berserker (Depths:4)
  2 vampire magi (Crypt:1)
  An iron troll (Depths:1)
  3 skysharks (Vaults:4)
  A titan skeleton (Crypt:1)
  A shadow wraith (Crypt:3)
  11 skeletal warriors
  4 deep trolls
  2 sixfirhies (Zot:5)
  A shadow demon (Zot:1)
  2 ironbound convokers (Vaults:4)
  2 flayed ghosts (Crypt:3)
  A lindwurm (Vaults:1)
  2 bog bodies (Crypt:3)
  4 phantasmal warriors
  An orb spider (Spider:4)
  A tengu zombie (Vaults:4)
  An iron dragon zombie (Crypt:1)
  An ugly thing (Depths:3)
  3 moths of wrath
  2 slime creatures
  2 yaktaurs (Vaults:5)
  A freezing wraith (Vaults:4)
  A tengu conjurer (Depths:3)
  A tyrant leech (Zot:1)
  An ettin zombie (Crypt:3)
  3 hornets
  A saltling (Desolation)
  2 snapping turtles (shapeshifter) (Vaults:5)
  A jumping spider (shapeshifter) (Vaults:5)
  5 spriggans
  3 wraiths
  3 yaks (D:7)
  A naga zombie (Crypt:2)
  4 laughing skulls
  An ogre (D:9)
  A weeping skull (Crypt:3)
  A human zombie (Vaults:4)
  A bullfrog (Lair:3)
  A burial acolyte (Crypt:3)
  Dowan (D:4)
  3 nameless horrors
  An orc priest (D:9)
  An orc wizard (D:9)
  7 orcs
191 creatures vanquished.

Vanquished Creatures (others)
  2 Killer Klowns (Zot:5)
  A curse toe (Zot:5)
  A golden dragon (Zot:5)
  2 tentacled monstrosities (Zot:5)
  A quicksilver dragon (Zot:5)
  12 Orb Guardians (Zot:5)
  2 draconian monks (Zot:5)
  3 draconian knights
  3 ghost moths
  A draconian shifter (Zot:4)
  A draconian scorcher (Zot:5)
  A draconian annihilator (Zot:4)
  A black draconian (Zot:5)
  2 green draconians
  A purple draconian (Zot:5)
  A red draconian (Zot:5)
  A yellow draconian (Zot:4)
  A blizzard demon (Zot:4)
  A hydra (Lair:3)
  A peacekeeper (Desolation)
  A soul eater (Crypt:2)
  A sixfirhy (Zot:5)
  An ironbound convoker (Vaults:3)
  An arcanist (D:4)
  4 moths of wrath
  A tengu conjurer (Depths:1)
  A troll (D:10)
  2 yaks
  A culicivora (Spider:2)
  A human (D:12)
  2 redbacks (Spider:2)
  A water moccasin (Lair:2)
  An orc warrior (Vaults:5)
  A killer bee (D:7)
  A nameless horror (Vaults:5)
  An orc priest (D:12)
  2 orc wizards
  An orc (D:12)
  A lost soul (Elf:1)
  3 tentacles (Shoals:3)
67 creatures vanquished.

Grand Total: 2524 creatures vanquished

Notes
Turn   | Place    | Note
-------+----------+-------------------------------------------
     0 | D:1      | mdonais the Mountain Dwarf Wanderer began the quest for the
                  | Orb.
     0 | D:1      | mdonais set off with the following items: a +2
                  | quarterstaff, a +0 hand axe, a +0 scale mail, a scroll of
                  | fog.
     0 | D:1      | Reached XP level 1. HP: 19/19 MP: 2/2
   182 | D:1      | Reached XP level 2. HP: 23/26 MP: 3/3
   775 | D:2      | Noticed Robin
   835 | D:1      | Reached skill level 2 in Armour
   894 | D:1      | Upgraded the game from 0.32-a0-560-g4c7f4391e0 to
                  | 0.32-a0-571-gec57dfcd37
   899 | D:2      | Killed Robin
   900 | D:2      | Reached XP level 3. HP: 32/33 MP: 4/4
  1364 | D:2      | Reached XP level 4. HP: 38/40 MP: 5/5
  1435 | D:2      | Noticed Terence
  1439 | D:2      | Gained mutation: Your muscles are strong. (Str +4, Int/Dex
                  | -1) [potion of mutation]
  1439 | D:2      | Gained mutation: You have sharp toenails. [potion of
                  | mutation]
  1439 | D:2      | Gained mutation: Your health recovers twice as slowly from
                  | being drained. [potion of mutation]
  1445 | D:2      | Killed Terence
  1549 | D:2      | Found Ibysir's General Store.
  1552 | D:2      | Bought a potion of curing for 36 gold pieces
  1552 | D:2      | Bought a +0 cloak for 54 gold pieces
  1701 | D:3      | Found a hide-covered altar of Uskayaw.
  1890 | D:3      | Identified the ring "Qehuef" {rPois rF+ Str+4 Dex+2}
  2248 | D:4      | Reached XP level 5. HP: 46/47 MP: 6/6
  2253 | D:4      | Learned a level 2 spell: Scorch
  2422 | D:4      | Reached skill level 1 in Fire Magic
  2469 | D:4      | Noticed Eustachio
  2587 | D:4      | Noticed Ijyb
  2593 | D:4      | Killed Ijyb
  2721 | D:4      | Noticed Edmund
  2785 | D:3      | Killed Eustachio
  2786 | D:3      | Reached XP level 6. HP: 48/55 MP: 2/9
  2895 | D:4      | Noticed Duvessa
  2899 | D:4      | Noticed Dowan
  2931 | D:3      | Killed Edmund
  2932 | D:3      | Reached skill level 5 in Fighting
  2932 | D:3      | Reached skill level 5 in Staves
  2932 | D:3      | Reached skill level 3 in Armour
  3161 | D:4      | Found a bloodstained altar of Trog.
  3163 | D:4      | Noticed a wizard
  3168 | D:4      | Killed a wizard
  3246 | D:5      | Entered Level 5 of the Dungeon
  3326 | D:5      | Reached XP level 7. HP: 61/61 MP: 1/10
  3431 | D:5      | Found a sand-covered staircase.
  3449 | Ossuary  | Entered an ossuary
  4014 | Ossuary  | Reached skill level 5 in Fire Magic
  4139 | Ossuary  | Reached XP level 8. HP: 65/71 MP: 2/11
  4350 | D:5      | Reached skill level 4 in Armour
  4440 | D:5      | Found Hoegoqif's Armour Boutique.
  4544 | D:4      | Killed Dowan
  4552 | D:4      | Killed Duvessa
  4783 | D:5      | Reached skill level 5 in Armour
  5025 | D:5      | Noticed Menkaure
  5032 | D:5      | Killed Menkaure
  5184 | D:5      | Found a staircase to the Ecumenical Temple.
  5217 | Temple   | Entered the Ecumenical Temple
  5228 | Temple   | Became a worshipper of Gozag Ym Sagoz the Greedy
  5301 | D:5      | Found an ancient bone altar of Kikubaaqudgha.
  5688 | D:6      | Found a glowing golden altar of the Shining One.
  5962 | D:6      | Reached XP level 9. HP: 80/82 MP: 8/13
  6021 | D:6      | Found a transporter.
  6031 | D:6      | Noticed jboons's ghost (novice MiRe)
  6048 | D:6      | Noticed a brown ugly thing
  6057 | D:6      | Reached skill level 6 in Armour
  6217 | D:6      | Found a transporter.
  6903 | D:7      | Found a shimmering blue altar of Sif Muna.
  7272 | D:7      | Reached skill level 7 in Armour
  8102 | D:7      | Found a radiant altar of Vehumet.
  8221 | D:7      | Found a hazy altar of Hepliaklqana.
  8502 | D:7      | Reached skill level 10 in Fighting
  8508 | D:7      | Reached XP level 10. HP: 23/93 MP: 1/14
  8728 | D:7      | Reached skill level 8 in Armour
  9168 | D:8      | Found a staircase to the Lair.
  9679 | D:8      | Reached skill level 9 in Armour
 10078 | D:8      | Identified the +5 quarterstaff of Affu {flame, +Blink rN+
                  | Int+4}
 10124 | D:8      | Found a snail-covered altar of Cheibriados.
 10391 | D:5      | Bought a +2 crystal plate armour for 1012 gold pieces
 10487 | D:2      | Bought a scroll of enchant armour for 90 gold pieces
 10491 | D:2      | Upgraded the game from 0.32-a0-571-gec57dfcd37 to
                  | 0.32-a0-576-g706899e69d
 10655 | D:9      | Found a transporter.
 10659 | D:9      | Found a transporter.
 10782 | D:9      | Found a blossoming altar of Fedhas.
 10791 | D:9      | Reached skill level 1 in Evocations
 11074 | D:9      | Reached skill level 10 in Staves
 11189 | D:9      | Noticed Erolcha
 11199 | D:9      | Killed Erolcha
 11200 | D:9      | Reached skill level 10 in Armour
 11416 | D:9      | Found an iron altar of Okawaru.
 11556 | D:9      | Found a roughly hewn altar of Beogh.
 11665 | D:9      | Identified the +0 helmet "Oxefoec" {*Slow Str+3 Dex+3}
 11734 | D:10     | Entered Level 10 of the Dungeon
 11852 | D:10     | Noticed a gargoyle
 11859 | D:10     | Killed a gargoyle
 11859 | D:10     | Noticed Josephine
 11860 | D:10     | Reached XP level 11. HP: 101/101 MP: 4/15
 11890 | D:10     | Killed Josephine
 12029 | D:10     | Found a burning altar of Makhleb.
 12216 | D:10     | Found Ciohoaxt's Jewellery Shoppe.
 12393 | D:10     | Noticed a centaur warrior
 12406 | D:10     | Killed a centaur warrior
 12407 | D:10     | Reached skill level 11 in Armour
 12407 | D:10     | Reached skill level 5 in Evocations
 12427 | D:10     | Noticed a tengu warrior
 12443 | D:10     | Killed a tengu warrior
 12627 | D:10     | You fall into a shaft and drop 1 floor!
 12955 | D:10     | Noticed a centaur warrior
 12963 | D:10     | Killed a centaur warrior
 12964 | D:10     | Reached skill level 12 in Armour
 12969 | D:10     | Noticed a purple ugly thing
 12971 | D:10     | Noticed a four-headed hydra
 13052 | D:10     | Noticed an ogre mage
 13159 | D:10     | Killed an ogre mage
 13200 | D:10     | Found a sparkling altar of Nemelex Xobeh.
 13273 | D:10     | Killed a four-headed hydra
 13393 | D:10     | Reached XP level 12. HP: 109/113 MP: 13/16
 13507 | D:10     | Bought the ring "Poduin" {rF+ rCorr Str+6 Int+3 Dex+3} for
                  | 750 gold pieces
 13655 | D:10     | Reached skill level 13 in Armour
 14408 | D:10     | Found Ciohoaxt's Jewellery Shoppe.
 14626 | D:10     | Found a burning altar of Makhleb.
 15147 | D:10     | Found a sparkling altar of Nemelex Xobeh.
 15738 | D:11     | Found a staircase to the Orcish Mines.
 16114 | D:11     | Noticed Maurice
 16128 | D:11     | Killed Maurice
 16548 | Lair:1   | Entered Level 1 of the Lair of Beasts
 16890 | Lair:1   | Reached skill level 14 in Armour
 17469 | Lair:1   | Identified the +8 chain mail of Fortitude {Will+ Dex+2}
 18012 | Lair:2   | Reached XP level 13. HP: 119/125 MP: 19/19
 18829 | Lair:2   | Found a staircase to the Shoals.
 19274 | Lair:2   | Reached skill level 15 in Fighting
 19274 | Lair:2   | Reached skill level 15 in Armour
 19376 | Lair:2   | Found a hole to the Spider Nest.
 19496 | Lair:2   | Found a runed translucent door.
 19496 | Lair:2   | Found a shimmering altar of Xom.
 19496 | Lair:2   | Noticed Malificent's ghost (journeyman DrFE)
 19497 | Lair:2   | Identified the +6 battleaxe of the Spectre {chaos, Str+3}
 20429 | Lair:3   | Found a blossoming altar of Fedhas.
 21630 | Lair:3   | Reached skill level 16 in Armour
 21808 | Lair:3   | Reached skill level 1 in Dodging
 21932 | Lair:3   | Reached XP level 14. HP: 137/137 MP: 20/20
 23066 | Lair:3   | Reached skill level 5 in Spellcasting
 23312 | Lair:3   | Identified the ring of Zuetasock {rPois rF+ Stlth+}
 23797 | Lair:4   | Noticed Sonja
 24031 | Lair:4   | Sonja changed into Sonja the human
 24031 | Lair:4   | Noticed Sonja
 24037 | Lair:4   | Killed Sonja the human
 24305 | Lair:3   | Reached skill level 1 in Summonings
 24361 | Lair:4   | Reached skill level 1 in Air Magic
 24481 | Lair:4   | Identified the +7 scale mail of Dust Devil {Str+4}
 24647 | Lair:4   | Learned a level 4 spell: Summon Lightning Spire
 25005 | Lair:4   | Found a staircase to the Slime Pits.
 25456 | Lair:5   | Entered Level 5 of the Lair of Beasts
 25546 | Slime:1  | Entered Level 1 of the Pits of Slime
 25618 | Slime:1  | Bought a jewelled glaive for 379 gold pieces
 25618 | Slime:1  | Identified the +3 glaive "Saeck" {freeze, ^Fragile rC+
                  | rCorr} (You bought it in a shop on level 1 of the Pits of
                  | Slime)
 25620 | Slime:1  | Bought a pair of dazzling gloves for 304 gold pieces
 25620 | Slime:1  | Identified the +2 pair of gloves "Piagoegi" {rN+ Str-4
                  | Dex+4} (You bought it in a shop on level 1 of the Pits of
                  | Slime)
 25635 | Slime:1  | Bought a runed bardiche for 396 gold pieces
 25712 | Lair:5   | Reached skill level 1 in Polearms
 26318 | Lair:5   | Reached skill level 5 in Polearms
 27131 | Lair:5   | Reached XP level 15. HP: 126/145 MP: 18/22
 28718 | Orc:1    | Entered Level 1 of the Orcish Mines
 28921 | Orc:2    | Entered Level 2 of the Orcish Mines
 28980 | Orc:2    | Noticed Donald
 29088 | Orc:1    | Killed Donald
 29414 | Orc:2    | Found Yryukk's Overcharged Wands.
 29672 | Orc:1    | Found Disughos's Assorted Antiques.
 29780 | Orc:1    | Found Adacs's Magic Scroll Shoppe.
 29950 | Orc:2    | Found a staircase to the Elven Halls.
 29973 | Orc:2    | Reached skill level 10 in Polearms
 30593 | Orc:2    | Noticed Rupert
 30602 | Orc:2    | Paralysed by Rupert for 3 turns
 30613 | Orc:2    | Killed Rupert
 30643 | Orc:2    | Noticed Nessos
 30646 | Orc:2    | Killed Nessos
 31130 | Orc:2    | Found Nuco's Distillery.
 31130 | Orc:2    | Found Geodghool's General Store.
 31132 | Orc:2    | Found Dagos's Book Emporium.
 31134 | Orc:2    | Found Zuobuatoa's Antique Armour Shop.
 31158 | Orc:2    | Bought a glowing helmet for 142 gold pieces
 31158 | Orc:2    | Bought a runed helmet for 142 gold pieces
 31186 | Orc:2    | Bought a runed scarf for 192 gold pieces
 31209 | Orc:2    | Bought a potion of berserk rage for 75 gold pieces
 31210 | Orc:2    | Bought a potion of resistance for 140 gold pieces
 31249 | Orc:1    | Bought a scroll of enchant armour for 232 gold pieces
 31449 | D:12     | Noticed Kirke
 31482 | D:12     | Killed Kirke
 31948 | D:12     | Found Bylloof's Changing Room.
 32611 | D:13     | Identified the +2 chain mail "Eroolug" {*Slow rC+ rN+
                  | Dex+3}
 32759 | D:13     | Noticed Azrael
 32787 | D:13     | Killed Azrael
 33813 | D:14     | Found a gate to the Vaults.
 33828 | D:14     | Reached XP level 16. HP: 121/154 MP: 16/23
 34753 | D:15     | Entered Level 15 of the Dungeon
 36359 | D:15     | Found a staircase to the Depths.
 36365 | D:15     | Reached skill level 15 in Polearms
 36667 | Orc:2    | Bought a potion of heal wounds for 70 gold pieces
 36667 | Orc:2    | Bought a potion of heal wounds for 70 gold pieces
 36667 | Orc:2    | Bought a potion of mutation for 112 gold pieces
 36667 | Orc:2    | Bought 2 potions of might for 112 gold pieces
 36855 | Spider:1 | Entered Level 1 of the Spider Nest
 37020 | Spider:1 | Learned a level 4 spell: Animate Armour
 38670 | Spider:2 | Noticed Nikola
 38794 | Shoals:1 | Entered Level 1 of the Shoals
 39504 | Shoals:1 | Reached XP level 17. HP: 151/160 MP: 24/24
 39690 | Shoals:1 | Identified the serpent talisman "Waofaoha" {rC+ Will+
                  | Int+3}
 39690 | Shoals:1 | Noticed Aizul
 39702 | Shoals:1 | Killed Aizul
 40218 | Shoals:2 | Found Wesaxkiw's Jewellery Shop.
 40404 | Shoals:2 | Noticed Roxanne
 40423 | Shoals:2 | Killed Roxanne
 41054 | Shoals:3 | Found a transporter.
 41098 | Shoals:3 | Noticed Ycup's ghost (journeyman MiBe)
 41378 | Shoals:3 | Found a transporter.
 41477 | Shoals:3 | Identified a scroll of acquirement
 41485 | Shoals:3 | Noticed a kraken
 41506 | Shoals:3 | Killed a kraken
 42054 | Shoals:4 | Entered Level 4 of the Shoals
 42106 | Shoals:4 | Found Seut's Distillery.
 42115 | Shoals:4 | Bought a potion of heal wounds for 90 gold pieces
 42115 | Shoals:4 | Bought a potion of heal wounds for 90 gold pieces
 42115 | Shoals:4 | Bought a potion of invisibility for 144 gold pieces
 43005 | Shoals:4 | Reached skill level 1 in Earth Magic
 43622 | Shoals:4 | Got a barnacled rune of Zot
 44229 | Elf:1    | Entered Level 1 of the Elven Halls
 44238 | Elf:1    | Reached skill level 5 in Summonings
 44455 | Elf:1    | Reached skill level 5 in Earth Magic
 44835 | Elf:1    | Found an ancient bone altar of Kikubaaqudgha.
 44904 | Elf:1    | Found Fyisysab's Weapon Emporium.
 45195 | Elf:1    | Reached XP level 18. HP: 119/161 MP: 19/25
 45688 | Elf:1    | Learned a level 3 spell: Passwall
 46127 | Elf:2    | Found Ohufep's Magic Scroll Shoppe.
 46127 | Elf:2    | Paralysed by an air elemental for 1 turns
 46129 | Elf:2    | Paralysed by an air elemental for 1 turns
 46136 | Elf:2    | Paralysed by an air elemental for 1 turns
 46140 | Elf:2    | Paralysed by an air elemental for 1 turns
 46144 | Elf:2    | Reached skill level 17 in Armour
 46442 | Elf:2    | Bought a scroll of blinking for 142 gold pieces
 46442 | Elf:2    | Bought a scroll of enchant weapon for 142 gold pieces
 46704 | Elf:2    | Found a runed translucent gate.
 46704 | Elf:2    | Found a runed translucent gate.
 46709 | Elf:2    | Found a runed translucent gate.
 46798 | Elf:2    | Found a runed translucent gate.
 46802 | Elf:2    | Found a runed translucent gate.
 46802 | Elf:2    | Found a runed translucent gate.
 46841 | Elf:2    | Noticed AutarchDCSS's ghost (adept DrBr)
 46842 | Elf:2    | Found a viscous altar of Jiyva.
 46879 | Elf:3    | Entered Level 3 of the Elven Halls
 47857 | Elf:3    | Identified the +3 lajatang "Umiotz" {freeze, *Rage rN+
                  | rCorr Int+2}
 47857 | Elf:3    | Identified the ring of Democracy {Ice Str+2 Dex+3}
 47964 | Elf:3    | Identified the +4 quarterstaff of the Egg {pain, rN+ Dex+2}
 47990 | Elf:3    | Identified the amulet "Ihusadoh" {Spirit rElec rN+++ Regen+
                  | Str-3}
 48199 | Elf:3    | Identified the +4 troll leather armour of Beyond {Rampage
                  | ^Drain rF+ rN+ Regen+}
 48651 | Elf:3    | Identified the staff of Sytydist {rC+ Str+2 Int+5 Stlth+
                  | Ice}
 48831 | Elf:3    | Identified the +10 dagger "Cocugyoloe" {freeze, rN+ Will-
                  | Str+6}
 49173 | Elf:3    | Got the Cyclopedia of Bitter Wanderlust
 49657 | Spider:1 | Killed Nikola
 49778 | Spider:2 | Noticed Arachne
 49783 | Spider:2 | Killed Arachne
 50279 | Spider:3 | Reached skill level 18 in Armour
 50524 | Spider:3 | Reached XP level 19. HP: 129/179 MP: 4/26
 51582 | Spider:4 | Entered Level 4 of the Spider Nest
 51822 | Spider:4 | Noticed Louise
 51897 | Spider:4 | Killed Louise
 52055 | Spider:4 | Noticed Mlioglotl
 52364 | Spider:4 | Noticed a bone dragon
 52373 | Spider:4 | Killed Mlioglotl
 52886 | Spider:4 | Noticed Agnes
 52891 | Spider:4 | Killed Agnes
 53239 | Spider:4 | Got a gossamer rune of Zot
 53528 | Lair:2   | Killed Malificent's ghost
 54095 | Vaults:1 | Entered Level 1 of the Vaults
 54863 | Vaults:1 | You fall into a shaft and drop 1 floor!
 55835 | Vaults:1 | Identified the +4 robe of Maururhi {*Corrode rC++}
 55835 | Vaults:1 | Noticed Boris
 55965 | Vaults:1 | Killed Boris
 55966 | Vaults:1 | Reached XP level 20. HP: 166/189 MP: 23/29
 57302 | Vaults:2 | Reached skill level 19 in Armour
 57699 | Vaults:3 | Found a flickering gateway to a bazaar.
 57715 | Vaults:3 | Noticed Sojobo
 57726 | Vaults:3 | Killed Sojobo
 57743 | Bazaar   | Entered a bazaar
 57743 | Bazaar   | Found Plog's Weapon Boutique.
 57773 | Bazaar   | Found Tauloen's Distillery.
 57782 | Bazaar   | Bought a potion of heal wounds for 45 gold pieces
 57782 | Bazaar   | Bought a potion of heal wounds for 45 gold pieces
 57782 | Bazaar   | Bought a potion of magic for 72 gold pieces
 57782 | Bazaar   | Bought 2 potions of cancellation for 144 gold pieces
 57782 | Bazaar   | Bought 2 potions of might for 72 gold pieces
 57782 | Bazaar   | Bought a potion of mutation for 72 gold pieces
 57796 | Bazaar   | Found Efreokh's Jewellery Emporium.
 57800 | Bazaar   | Found Irofaoto's Assorted Antiques.
 57811 | Bazaar   | Bought a potion of heal wounds for 85 gold pieces
 57811 | Bazaar   | Bought a potion of heal wounds for 85 gold pieces
 57818 | Bazaar   | Found Lujium's Antique Weapon Shoppe.
 57846 | Bazaar   | Bought the ring "Tediorhie" {Ice Will+ Str+3 Int+2} for 384
                  | gold pieces
 58541 | D:6      | Killed jboons's ghost
 58576 | D:6      | Found a one-way gate to the infinite horrors of the Abyss.
 58810 | Shoals:3 | Killed Ycup's ghost
 58936 | Shoals:3 | Identified the ring "Kosieq" {rN+ Will+ Str+3 Slay+4}
 59437 | Elf:2    | Killed AutarchDCSS's ghost
 60344 | Orc:1    | Bought a scroll of blinking for 97 gold pieces
 60614 | Shoals:4 | Bought a potion of berserk rage for 90 gold pieces
 60614 | Shoals:4 | Bought a potion of haste for 180 gold pieces
 60614 | Shoals:4 | Bought a potion of haste for 180 gold pieces
 60614 | Shoals:4 | Bought a potion of mutation for 144 gold pieces
 60970 | Elf:2    | Bought a scroll of blinking for 142 gold pieces
 60970 | Elf:2    | Bought a scroll of blinking for 142 gold pieces
 61295 | D:2      | Bought 3 scrolls of summoning for 342 gold pieces
 61918 | Vaults:3 | Paralysed by a formless jellyfish for 1 turns
 62212 | Vaults:3 | Found a staircase to the Crypt.
 62288 | Vaults:3 | Reached XP level 21. HP: 176/200 MP: 26/30
 62758 | Vaults:4 | Acquired the scarf of Inevitability {shadows, rElec rN+}
 62759 | Vaults:4 | Acquired 889 gold pieces
 62822 | Vaults:4 | Found a crumbling gateway.
 62828 | Vaults:4 | Reached skill level 20 in Armour
 62843 | Desolati | Entered the Desolation of Salt
 63186 | Desolati | Identified the +0 orcbow of Xyadghea {flame, rN+ Dex+3}
 63189 | Desolati | Identified the +1 short sword of the Eleven Brambles
                  | {flame, *Rage Will+ Dex+3}
 63227 | Desolati | Identified the amulet of Teotopn {Spirit rElec Regen+}
 63231 | Desolati | Identified the +1 glaive of Vengeance {drain, rC++ Str-3}
 63384 | Desolati | Got the Dissertation on the Morbid Deep Freeze
 63488 | Desolati | Identified the +8 ring mail of Guklioty {*Corrode Regen+
                  | Slay+4}
 63494 | Desolati | Identified the +1 plate armour of the Butcher {Harm ^Drain
                  | rCorr Int+3}
 63507 | Desolati | Identified the +5 quarterstaff of Len Ciz {antimagic, rElec
                  | rPois SInv}
 63883 | Vaults:4 | Identified the +1 pair of gloves "Lioh Sec" {+Inv rElec
                  | Int+5}
 64321 | Vaults:4 | Found a glowing silver altar of Zin.
 64423 | Vaults:4 | Noticed Norris
 64433 | Vaults:4 | Killed Norris
 65077 | Crypt:1  | Entered Level 1 of the Crypt
 65279 | Crypt:1  | Found a transporter.
 65449 | Crypt:1  | Found a transporter.
 65600 | Crypt:1  | Learned a level 6 spell: Summon Cactus Giant
 65674 | Crypt:1  | Reached XP level 22. HP: 210/211 MP: 21/34
 65750 | Crypt:1  | Identified the +1 pair of gloves of Understanding {rElec
                  | rPois MP-9 Dex+4}
 66321 | Crypt:2  | Reached skill level 21 in Armour
 66367 | Crypt:2  | Noticed Xtahua
 66383 | Crypt:2  | Paralysed by Xtahua for 3 turns
 66385 | Crypt:2  | Killed Xtahua
 66619 | Crypt:2  | Reached skill level 10 in Summonings
 67260 | Crypt:3  | Entered Level 3 of the Crypt
 67554 | Crypt:3  | Found an ancient bone altar of Kikubaaqudgha.
 67922 | Crypt:3  | Got the Tome of the Autopsy
 67926 | Crypt:3  | Learned a level 2 spell: Blink
 68145 | Crypt:3  | Found a staircase to the Tomb.
 68210 | Crypt:3  | Upgraded the game from 0.32-a0-576-g706899e69d to
                  | 0.32-a0-599-gba8f9cf90e
 68835 | Depths:1 | Entered Level 1 of the Depths
 68835 | Depths:1 | Noticed the Enchantress
 68850 | D:15     | Killed the Enchantress
 69913 | D:15     | Reached skill level 10 in Spellcasting
 69913 | D:15     | Reached XP level 23. HP: 212/220 MP: 33/37
 70023 | Depths:1 | Identified the +0 shortbow of Subterfuge {flame, ^Drain Fly
                  | rCorr Dex+4}
 70636 | Depths:1 | Found a gateway to Hell.
 70966 | Depths:1 | Found a white marble altar of Elyvilon.
 71127 | Depths:1 | Found Odyg's Assorted Antiques.
 71131 | Depths:1 | Bought a potion of invisibility for 384 gold pieces
 72579 | Depths:2 | Reached skill level 22 in Armour
 72602 | Depths:2 | Found a one-way gate leading to the halls of Pandemonium.
 72727 | Depths:3 | Found a corrupted altar of Lugonu.
 72978 | Depths:3 | Found a shadowy altar of Dithmenos.
 73006 | Depths:3 | Identified the +2 arbalest "Angoari" {elec, Str+2}
 73448 | Depths:3 | Found a sparkling altar of Nemelex Xobeh.
 73756 | Depths:4 | Entered Level 4 of the Depths
 73759 | Depths:4 | Identified the orb "Kuninewk" {*channel, rPois rN+ Int+4}
 73759 | Depths:4 | Noticed Frederick
 73765 | Depths:4 | Noticed Grunn
 73777 | Depths:4 | Killed Frederick
 74222 | Depths:4 | Killed Grunn
 74446 | Depths:3 | Reached skill level 23 in Armour
 74538 | Depths:4 | Reached XP level 24. HP: 235/235 MP: 36/37
 74546 | Depths:4 | Noticed Vv
 74564 | Depths:4 | Killed Vv
 74573 | Depths:4 | Found a one-way gateway to a ziggurat.
 75094 | Depths:4 | Found a gate to the Realm of Zot.
 75901 | Vaults:5 | Entered Level 5 of the Vaults
 75904 | Vaults:5 | Noticed a dread lich
 75930 | Vaults:4 | Killed a dread lich
 76117 | Vaults:4 | Reached skill level 24 in Armour
 76973 | Vaults:4 | Found a glowing silver altar of Zin.
 77770 | Vaults:5 | Noticed an ancient lich
 77781 | Vaults:5 | Killed an ancient lich
 77854 | Vaults:5 | Noticed a dread lich
 77862 | Vaults:5 | Killed a dread lich
 77864 | Vaults:5 | Identified the +9 rapier "Impslayer" {freeze, Will+}
 78248 | Vaults:5 | Got a silver rune of Zot
 78391 | Vaults:5 | Identified the +11 mace "Bihich" {flame, rPois SInv}
 78400 | Vaults:5 | Reached XP level 25. HP: 248/248 MP: 22/37
 78426 | Vaults:5 | Reached skill level 5 in Dodging
 78529 | Vaults:5 | Identified the staff of Annoyance {rPois Int+3 Dex+2 Stlth+
                  | Alchemy}
 78548 | Vaults:5 | Identified the +0 ring mail of Cowardice {rCorr Dex+2}
 78726 | Vaults:5 | Identified the amulet of Ozxuutt {Faith rC+}
 78742 | Vaults:5 | Identified the ring of Ciomm {Fly Str+6 Int+6 Dex+2 Slay-5}
 78767 | Vaults:5 | Identified the +5 ring mail of Undesirable Species {rElec
                  | Will+ Slay+3}
 79040 | Vaults:5 | Reached skill level 15 in Summonings
 79168 | Vaults:5 | Identified the +2 pair of boots of Xuzipp {Dex+4}
 79520 | Zot:1    | Entered Level 1 of the Realm of Zot
 80578 | Zot:1    | Reached skill level 25 in Armour
 80774 | Zot:1    | Gained mutation: Your magical capacity is low. (-10% MP) [a
                  | shining eye]
 80782 | Zot:1    | Gained mutation: You occasionally lose the ability to read
                  | scrolls when taking damage. [a shining eye]
 82229 | Zot:1    | Reached skill level 26 in Armour
 83340 | Zot:3    | Noticed a Killer Klown
 83419 | Zot:3    | Noticed an orb of fire
 83425 | Zot:3    | Killed a Killer Klown
 83426 | Zot:3    | Reached skill level 27 in Armour
 83437 | Zot:3    | Killed an orb of fire
 83666 | Zot:3    | Reached XP level 26. HP: 251/257 MP: 23/33
 85402 | Zot:4    | Found a viscous altar of Jiyva.
 86211 | Zot:4    | Lost mutation: Your health recovers twice as slowly from
                  | being drained. [potion of mutation]
 86211 | Zot:4    | Lost mutation: You have sharp toenails. [potion of
                  | mutation]
 86211 | Zot:4    | Gained mutation: You are somewhat resistant to further
                  | mutation. [potion of mutation]
 86211 | Zot:4    | Gained mutation: You are vulnerable to cold. (rC-) [potion
                  | of mutation]
 86212 | Zot:4    | Lost mutation: You occasionally lose the ability to read
                  | scrolls when taking damage. [potion of mutation]
 86212 | Zot:4    | Lost mutation: You are vulnerable to cold. (rC-) [potion of
                  | mutation]
 86212 | Zot:4    | Lost mutation: Your muscles are strong. (Str +4, Int/Dex
                  | -1) [potion of mutation]
 86212 | Zot:4    | Lost mutation: You are somewhat resistant to further
                  | mutation. [potion of mutation]
 86212 | Zot:4    | Gained mutation: Your system is resistant to poisons.
                  | (rPois) [potion of mutation]
 86212 | Zot:4    | Gained mutation: You have hidden genetic potential. [potion
                  | of mutation]
 86225 | Zot:5    | Entered Level 5 of the Realm of Zot
 86466 | Zot:5    | Noticed an orb of fire
 86580 | Zot:5    | Noticed a dread lich
 86602 | Zot:5    | Noticed a dread lich
 86612 | Zot:5    | Noticed an orb of fire
 86678 | Zot:5    | Noticed an orb of fire
 86772 | Zot:5    | Got the Orb of Zot
 87435 | D:1      | Gained mutation: Your body sometimes deteriorates upon
                  | taking damage. [a neqoxec]
 87436 | D:1      | Gained mutation: Your magical capacity is very low. (-20%
                  | MP) [a neqoxec]
 87439 | D:$      | Escaped with the Orb!

Illustrated notes

Levels and vault maps discovered:
D:1:      dpeg_arrival_water_temple_mockup, layout_basic
D:2:      layout_rooms, serial_shops, nicolae_shop_window_shopping,
          uniq_terence, uniq_robin
D:3:      layout_rooms, mainiacjoe_overflow_boulevard,
          minmay_randomly_rotated_circles
D:4:      layout_cave_pools, trog_wizard, glass_columns_a, uniq_eustachio,
          uniq_edmund, uniq_ijyb, uniq_duvessa
D:5:      layout_cave_pools, kennysheep_vampire_church,
          minmay_temple_entry_nine_rooms,
          mainiacjoe_ossuary_entry_find_the_door, serial_shops,
          nicolae_shop_rolling_square, uniq_menkaure
D:6:      layout_basic, mainiacjoe_overflow_tiny_flanked,
          gammafunk_ghost_abyssal_escape
D:7:      layout_rooms, nicolae_vehumet_altar_sigil, kennysheep_mini_moat,
          mainiacjoe_overflow_alcove_1
D:8:      layout_loops_ring, chei_slow_surprise, lair_entry_dummy,
          minmay_misc_feat_four_crosses, minmay_misc_feat_hallway
D:9:      gammafunk_beogh_shrine, layout_irregular_city,
          nicolae_overflow_crystal_walls, fedhas_altar_fruit_tree, uniq_erolcha
D:10:     minmay_the_grid_triangle_9x9_rhombus_thin_mashed
          [minmay_the_grid_triangle_9x9_empty,
          minmay_the_grid_triangle_9x9_prize_schism,
          minmay_the_grid_triangle_9x9_intruding_spiral,
          minmay_the_grid_triangle_9x9_warning], layout_layer_cave,
          mainiacjoe_overflow_concentric_impassable,
          nemelex_diamond_rough_becter, nicolae_wooded_promenade,
          minmay_unpleasant_kobolds, uniq_josephine
D:11:     layout_stronghold, minmay_orc_entry_guard_dogs, uniq_maurice
D:12:     layout_loops_cross, nicolae_transmutations_shop, uniq_kirke
D:13:     layout_cave_pools, uniq_azrael
D:14:     layout_long_grid, david_vaults_2, serial_bayou_lagoon_a, fountainhead,
          minmay_door_square
D:15:     grunt_enter_depths_snipers, layout_gridville
Temple:   hellmonk_temple_flake
Lair:1:   layout_cave_shapes, disabler_island, infiniplex_staircase_pool_2
Lair:2:   layout_cave_pods, mainiacjoe_shoals_entry_four_pools,
          spider_nest_entry_a, ebering_ghost_xom, serial_bayou_shore_b,
          grunt_megastairs_3
Lair:3:   nzn_winding_woodlands_huge [nzn_winding_woodlands_5x15_zeroes,
          nzn_winding_woodlands_5x15_twine, nzn_winding_woodlands_5x15_pool,
          nzn_winding_woodlands_5x15_river_crossing,
          nzn_winding_woodlands_5x15_garden, nzn_winding_woodlands_5x15_default,
          nzn_winding_woodlands_5x15_parted,
          nzn_winding_woodlands_5x15_longhouse,
          nzn_winding_woodlands_5x15_concentric,
          nzn_winding_woodlands_5x15_sawtooth,
          nzn_winding_woodlands_center_pierced_h,
          nzn_winding_woodlands_center_triple_pond,
          nzn_winding_woodlands_15x15_killbox], layout_long_grid,
          chequers_serial_rivers_room_a, hangedman_tree_tricks,
          lemuel_fruit_tree
Lair:4:   layout_regular_city, minmay_slime_entry_oklob_enclosed,
          hellmonk_talismancer, uniq_sonja
Lair:5:   evilmike_catoblepas_cave, layout_regular_city, evilmike_ambush
          [evilmike_ambush_outer_corners, evilmike_ambush_inner_basic],
          grunt_megastairs_2, lemuel_fruit_fields, serial_bayou_shore_a,
          serial_bayou_shore_b
Shoals:1: layout_shoals, nicolae_shoals_so_close, uniq_aizul
Shoals:2: layout_shoals, serial_shops, shop, uniq_roxanne
Shoals:3: layout_shoals, gammafunk_ghost_berserking_beasts,
          nicolae_shoals_dead_sea_scrolls
Shoals:4: shoals_end_grunt_garden, layout_shoals, serial_shops,
          nicolae_shop_just_a_little_nook
Spider:1: layout_spider_delve, nicolae_spider_rock_and_or_roll
Spider:2: layout_spider_delve, hive_lemuel, uniq_nikola, uniq_arachne
Spider:3: layout_spider_delve, nicolae_spider_moth_buddies
Spider:4: grunt_spider_rune_parallel, uniq_louise, uniq_mlioglotl, uniq_agnes
Slime:1:  layout_caves, nicolae_slime_phagocytosis
Orc:1:    layout_caves, serial_shops, nicolae_shop_statue_plus,
          nicolae_lakefront_shop
Orc:2:    st_orc_rangers, layout_caves, nicolae_shop_overcharged_wands,
          uniq_nessos, uniq_rupert, uniq_donald
Elf:1:    nicolae_elf_arrival_no_cutting_in_line, layout_loops_corners,
          serial_shops, shop, basic_altar, guppyfry_library_mini,
          hangedman_elven_pyramids, nicolae_elf_deep_mausoleum
Elf:2:    elven_hall_of_blades_hangedman_original
          [nicolae_vaults_blade_armed_guards], layout_geoelf_octagon,
          serial_shops, nicolae_shop_tiny_glass, gammafunk_ghost_ooze,
          minmay_misc_feat_pillars, nicolae_elf_glass_and_crystal_pillar_1
Elf:3:    minmay_elf_hall_x, layout_onion_city
Vaults:1: nicolae_vaults_yaktaur_gun_rack, nicolae_vaults_offset_grid_hallway_4,
          nicolae_vaults_more_shelving_1, vaults_dpeg_encased_lava,
          v_alt_pattern_1, hangedman_vaults_nails, nicolae_vaults_big_ls,
          grunt_vaults_hallway_short, grunt_vaults_bifocal,
          nicolae_vaults_ring_of_whatevers, layout_vaults_big_room, uniq_boris
Vaults:2: nicolae_vaults_network_periphery, v_pattern_1,
          ontoclasm_vaults_ligature, nicolae_vaults_off_center_swirl,
          vaults_dpeg_doors, nicolae_vaults_hexular_roomagon, v_rooms_5,
          grunt_vaults_diagonal, nicolae_vaults_cochlea, ontoclasm_vaults_chip,
          layout_vaults_big_cross
Vaults:3: ontoclasm_vaults_misaligned, nicolae_vaults_stepped_doors,
          minmay_crypt_entry_simple_statues, hangedman_vaults_variations,
          vaults_mumra_hexcomb, v_misc_13, nicolae_vaults_shelves_hall,
          nicolae_vaults_prndl, vaults_mumra_hex, hangedman_vaults_impose,
          ontoclasm_vaults_fault, nicolae_vaults_gold_heap, vaults_room_corners,
          vaults_room_stairs_pillars, nicolae_vaults_storage_closets_2,
          layout_vaults_omnibox, serial_shops, bzr_entry_lakeside, uniq_sojobo
Vaults:4: portal_desolation_entry_twin_temple, hangedman_vaults_corner,
          gargoyle_guard, nicolae_vaults_closet_pinwheel_4, v_misc_30,
          vaults_room_fancy_cross, hangedman_vaults_unwind,
          nicolae_vaults_double_plus_1, grunt_vaults_hallway_short,
          nicolae_vaults_specimen_jars, grunt_vaults_hallway_short,
          dpeg_vaults_monster_row, lemuel_angel_altar,
          layout_vaults_maze_snakey, uniq_norris
Vaults:5
Crypt:1:  gammafunk_dig_for_victory, layout_gridlike, nicolae_crypt_niches
Crypt:2:  layout_chaotic_city, nicolae_crypt_more_like_crabt, uniq_xtahua
Crypt:3:  grunt_crypt_end_deaths_head
Depths:1: layout_big_octagon, hangedman_decor_riveting, pf_hell_entry_tar_river,
          serial_shops, nicolae_shop_back_alley_shop, abyss_entry_crystal,
          elyvilon_altar_1, uniq_enchantress
Depths:2: kb_forest_paths, layout_basic, nicolae_two_hexagons, hell_entry,
          abyss_entry, rand_demon_pan_entry_4
Depths:3: regret_index_nemelex_summoning_deck_glade, layout_cave_pools,
          abyss_entry_flame_altar, moated_statue, hellmouth_1,
          nicolae_dithmenos_the_darkroom
Depths:4: grunt_zot_entry_tricorne, layout_cave_pools, enter_ziggurat_e,
          grunt_hell_entry_dis_mu, nicolae_concentric_dashed_squares_mild,
          nicolae_abyss_entry_one_way_or_another, uniq_grunn, uniq_frederick,
          uniq_vv
Zot:1:    layout_gridlike, regret_index_zotdec_onion_hex, st_stairs_14
Zot:2:    layout_misc_corridors
Zot:3:    layout_cathedral_of_symmetry, st_stairs_10, lemuel_golem_globe,
          uniq_josephina
Zot:4:    layout_gridlike, regret_index_zotdec_slimy_original
Zot:5:    layout_misc_corridors, nrook_zot_tub

Skill      XL: |  1  2  3  4  5  6  7  8  9 10 11 12 13 14 15 16 17 18 19 20 21 22 23 24 25 26 |
---------------+-------------------------------------------------------------------------------+-----
Armour         | 2 3 5 7 10 12 14 16 18 19 20 21 23 24 27 | 27.0
Fighting       | 4 5 6 8 10 12 14 16 18 19 20 21 23 24 25 | 25.7
Staves         | 4 5 6 8 10 | 10.0
Fire Magic     | 4 5 |  5.0
Spellcasting   | 2 3 4 5 6 8 10 | 10.0
Evocations     | 3 5 8 9 |  9.2
Dodging        | 1 2 4 8 9 |  9.7
Summonings     | 3 7 8 9 13 14 15 16 | 16.3
Air Magic      | 2 3 |  3.0
Polearms       | 7 13 17 19 20 21 22 23 | 23.4
Earth Magic    | 6 7 8 9 |  9.0
Axes           | |  2.4

Action                     |  1- 3 |  4- 6 |  7- 9 | 10-12 | 13-15 | 16-18 | 19-21 | 22-24 | 25-27 || total
---------------------------+-------+-------+-------+-------+-------+-------+-------+-------+-------++-------
  Melee: Quarterstaff      |   114 |   119 |   157 |   667 |  1817 |   154 |       |       |       ||  3028
         Kick              |       |    22 |    45 |    39 |       |       |       |       |       ||   106
         Unarmed           |       |       |       |       |     3 |       |       |       |       ||     3
         Bardiche          |       |       |       |       |       |  1338 |  1670 |  1391 |   714 ||  5113
  Throw: Dart              |     1 |     9 |    10 |    21 |     3 |     5 |     9 |       |       ||    58
         Boomerang         |       |       |       |     1 |       |       |       |       |       ||     1
   Cast: Scorch            |       |    13 |   148 |    63 |    19 |       |       |     1 |       ||   244
         Animate Armour    |       |       |       |       |       |     3 |    31 |    78 |    42 ||   154
         Summon Lightning  |       |       |       |       |       |     1 |     4 |     5 |     3 ||    13
         Summon Cactus Gia |       |       |       |       |       |       |       |    40 |    39 ||    79
 Invoke: Call Merchant     |       |       |       |       |     5 |       |     1 |       |       ||     6
         Bribe Branch      |       |       |       |       |       |       |       |       |     6 ||     6
  Evoke: Wand              |       |       |     3 |     1 |    12 |     3 |     4 |       |       ||    23
         Condenser vane    |       |       |       |       |     2 |     1 |     2 |       |       ||     5
         Phantom mirror    |       |       |       |       |       |       |     2 |       |       ||     2
         Box of beasts     |       |       |       |       |       |       |     2 |       |       ||     2
         Lightning rod     |       |       |       |       |       |       |     1 |       |       ||     1
    Use: Potion            |     1 |     1 |     4 |       |     5 |     3 |     5 |       |     7 ||    26
         Scroll            |       |     6 |     3 |    12 |    15 |    11 |    18 |     9 |     7 ||    81
   Stab: Distracted        |       |       |       |     5 |     3 |    11 |    17 |    13 |     7 ||    56
         Held in net/web   |       |       |       |       |       |       |     1 |       |       ||     1
         Invisible         |       |       |       |       |       |       |       |       |     2 ||     2
 Armour: Scale mail        |    59 |     8 |   288 |    87 |       |       |       |       |       ||   442
         Ring mail         |    13 |    99 |       |       |       |       |       |       |       ||   112
         Chain mail        |     7 |       |       |       |       |       |       |       |       ||     7
         Skin              |     6 |       |       |       |    10 |       |       |       |       ||    16
         Crystal plate arm |       |       |       |   589 |  1931 |  1658 |  1709 |  2225 |   857 ||  8969
  Dodge: Dodged            |    51 |    66 |   181 |   223 |   689 |   474 |   464 |   704 |   257 ||  3109

Table legend: (Time is in decaauts)
 A = Elapsed time spent in this place.
 B = Non-inter-level travel time spent in this place.
 C = Inter-level travel time spent in this place.
 D = Time resting spent in this place.
 E = Time spent auto-exploring this place.
 F = Levels seen in this place.
 G = Mean time per level.
                   A        B        C        D        E       F      G
               +--------+--------+--------+--------+--------+-----+--------+
         Total |  86635 |  77289 |   9346 |   7272 |  51439 |  55 | 1575.2 |
       Dungeon |  24905 |  21513 |   3392 |   2340 |  14864 |  15 | 1660.3 |
        Temple |     22 |     12 |     10 |      0 |      0 |   1 |   22.0 |
          Lair |  13038 |  11507 |   1531 |   1278 |   7716 |   5 | 2607.6 |
        Shoals |   5842 |   5302 |    540 |    558 |   3358 |   4 | 1460.5 |
   Spider Nest |   5906 |   5352 |    554 |    459 |   3195 |   4 | 1476.5 |
    Slime Pits |     86 |     86 |      0 |     36 |      0 |   1 |   86.0 |
  Orcish Mines |   2881 |   2360 |    521 |    221 |   1527 |   2 | 1440.5 |
   Elven Halls |   6634 |   5824 |    810 |   1339 |   3188 |   3 | 2211.3 |
        Vaults |   9304 |   8391 |    913 |    273 |   6063 |   5 | 1860.8 |
         Crypt |   3496 |   3269 |    227 |      4 |   2205 |   3 | 1165.3 |
        Depths |   5463 |   5008 |    455 |    191 |   3576 |   4 | 1365.8 |
           Zot |   7246 |   6857 |    389 |    339 |   5082 |   5 | 1449.2 |
        Bazaar |    133 |    133 |      0 |      0 |     84 |   1 |  133.0 |
       Ossuary |    856 |    856 |      0 |    176 |    408 |   1 |  856.0 |
    Desolation |    816 |    816 |      0 |     56 |    170 |   1 |  816.0 |
               +--------+--------+--------+--------+--------+-----+--------+

Top non-repeatable levels by time:
  Lair:3: 3820 daAuts
    D:10: 3725 daAuts
  Lair:2: 3585 daAuts
    D:15: 3444 daAuts
   Zot:1: 3051 daAuts
Vaults:4: 3021 daAuts
  Lair:5: 2735 daAuts
   Elf:3: 2460 daAuts
     D:7: 2180 daAuts
   Elf:1: 2146 daAuts
   Elf:2: 2027 daAuts
Depths:3: 1913 daAuts
Shoals:3: 1899 daAuts
     D:8: 1855 daAuts
Spider:1: 1812 daAuts
